 Dungeon Crawl Stone Soup version 0.19-a0-1886-gd64a0f0 (webtiles) character file.

93 holy777 the Grave Robber (level 4, -1/31 HPs)
             Began as a Mummy Necromancer on Oct 15, 2016.
             Slain by Crazy Yiuf
             ... wielding a +4 quarterstaff of chaos
              (8 damage)
             ... on level 2 of the Dungeon.
             The game lasted 00:06:59 (2517 turns).

holy777 the Grave Robber (Mummy Necromancer)        Turns: 2517, Time: 00:06:59

Health: -1/31      AC:  3    Str: 11    XL:     4   Next: 36%
Magic:  2/8        EV: 12    Int: 15    God:
Gold:   72         SH:  0    Dex: 12    Spells: 3 memorised, 0 levels left

rFire  x . .     SeeInvis .     e - +0 dagger
rCold  + . .     Gourm    .     a - +1 robe
rNeg   + + +     Faith    .     (no shield)
rPois  ∞         Spirit   .     (no helmet)
rElec  .         Dismiss  .     (no cloak)
rCorr  .         Reflect  .     (no gloves)
MR     +....     Harm     .     (no boots)
Stlth  ++........               i - amulet of magic regeneration
                                g - ring of protection from magic
                                h - ring of flight

@: no status effects
A: no food or potions, fire vulnerability, cold resistance 1, negative energy
resistance 3, torment resistance, unbreathing
a: Evoke Flight


You were on level 2 of the Dungeon.
You were not hungry.

You visited 1 branch of the dungeon, and saw 2 of its levels.

You collected 72 gold pieces.

Inventory:

Hand Weapons
 e - a +0 dagger (weapon)
Missiles
 c - 18 poisoned needles
 d - 2 needles of sleeping
 f - 4 tomahawks (quivered)
Armour
 a - a +1 robe (worn)
Jewellery
 g - a ring of protection from magic (right hand)
 h - a ring of flight (left hand)
 i - an amulet of magic regeneration (around neck)
Scrolls
 j - 2 scrolls of remove curse
 k - 2 scrolls of identify {unknown}
Books
 b - a book of Necromancy

   Spells                             Type                      Level
   a - Pain                           Necromancy                   1
   b - Animate Skeleton               Necromancy                   1
   c - Vampiric Draining              Necromancy                   3
   d - Regeneration                   Charms/Necromancy            3
   e - Animate Dead                   Necromancy                   4
   f - Control Undead                 Necromancy                   4


   Skills:
 + Level 0.4 Fighting
 + Level 0.5 Short Blades
 + Level 1.9 Dodging
 + Level 1.9 Stealth
 + Level 2.9 Spellcasting
 + Level 4.7 Necromancy


You couldn't memorise any spells.
You knew the following spells:

 Your Spells              Type           Power        Failure   Level  Hunger
a - Pain                  Necr           ###.         3%          1    N/A
b - Vampiric Draining     Necr           ###.......   12%         3    N/A
c - Animate Dead          Necr           N/A          34%         4    N/A

Dungeon Overview and Level Annotations

Branches:
Dungeon (2/15)

Altars:

Annotations:
D:2 Crazy Yiuf


Innate Abilities, Weirdness & Mutations

You do not eat or drink.
Your flesh is vulnerable to fire.
You are immune to poison.
Your flesh is cold resistant. (rC+)
You are immune to negative energy. (rN+++)
You are immune to unholy pain and torment.
You can survive without breathing.


Message History

Crazy Yiuf barely resists.
Casting: Pain
Confirm with . or Enter, or press ? or * to list all spells.
Aiming: Pain
Press: ? - help, Shift-Dir - straight line, f/p - Crazy Yiuf
Aim: Crazy Yiuf, wielding a quarterstaff of chaos and wearing a glowing cloak (moderately wounded, unusually agile, chance to defeat MR: 81%) Crazy Yiuf writhes in agony!
Crazy Yiuf hits you with a quarterstaff of chaos!
You are electrocuted!
Ouch! That really hurt!
* * * LOW HITPOINT WARNING * * *
Casting: Pain
Confirm with . or Enter, or press ? or * to list all spells.
Aiming: Vampiric Draining
Press: ? - help, Shift-Dir - straight line, f/p - Crazy Yiuf
Aim: Crazy Yiuf, wielding a quarterstaff of chaos and wearing a glowing cloak (heavily wounded, unusually agile) Crazy Yiuf is severely wounded.
You feel life coursing into your body.
Crazy Yiuf hits you with a quarterstaff of chaos!
You die...

# #...# #.#
# ##.## ###
# ####'#####
# #........#
##### #
#........#
#..)# #
#........#
#...#
######.#####
...
...###'#####
#g#
...'.......#
##@#
...##..)...#
#.##
...##......#
##.#
...##......#
#.##
...##......#
##.##
...#########
#...## ####
#....#
#....#
##..#####


You could see Crazy Yiuf.

Vanquished Creatures
  2 adders (D:2)
  A worm (D:2)
  4 dart slugs
  3 leopard geckos (D:2)
  5 giant cockroaches
  4 goblins (D:1)
  8 hobgoblins
  A jackal (D:2)
  A quokka (D:2)
  8 bats
  5 frilled lizards
  9 kobolds
  5 rats
56 creatures vanquished.

Vanquished Creatures (collateral kills)
  2 jackals (D:2)
2 creatures vanquished.

Grand Total: 58 creatures vanquished

Notes
Turn   | Place    | Note
-------+----------+-------------------------------------------
     0 | D:1      | holy777 the Mummy Necromancer began the quest for the Orb.
     0 | D:1      | Reached XP level 1. HP: 13/13 MP: 3/3
   448 | D:1      | Reached XP level 2. HP: 19/19 MP: 0/5
   937 | D:1      | Reached XP level 3. HP: 8/24 MP: 0/6
  1181 | D:1      | Learned a level 3 spell: Vampiric Draining
  1794 | D:2      | Reached XP level 4. HP: 29/31 MP: 4/8
  1814 | D:2      | Learned a level 4 spell: Animate Dead
  2508 | D:2      | Found a runed door.
  2512 | D:2      | Noticed Crazy Yiuf
  2517 | D:2      | Slain by Crazy Yiuf

Vault maps used:
D:1:      dpeg_arrival_stone_temple_mockup
D:2:      minmay_split_cup_small, uniq_crazy_yiuf_cottage

Action                   |  1- 3 |  4- 6 || total
-------------------------+-------+-------++-------
Melee: Unarmed           |    29 |       ||    29
       Dagger            |    78 |    77 ||   155
 Cast: Pain              |    69 |     8 ||    77
       Vampiric Draining |     1 |     1 ||     2
       Animate Dead      |       |     5 ||     5
  Use: Scroll            |     7 |       ||     7
 Stab: Sleeping          |     3 |     3 ||     6
Armor: Robe              |    43 |    22 ||    65
Dodge: Dodged            |   121 |    54 ||   175
